 Dungeon Crawl Stone Soup version 0.30.0-29-ga12c61a403 (webtiles) character file.

Game seed: 7399230784346689414

6097 qw the Cleaver (level 10, -10/64 HPs)
             Began as a Gargoyle Fighter on June 4, 2023.
             Was a Priest of Okawaru.
             Mangled by Urug
             ... wielding a +2 eveningstar of distortion
              (21 damage)
             ... on level 1 of the Lair of Beasts.
             The game lasted 00:05:13 (8932 turns).

qw the Cleaver (Gargoyle Fighter)                   Turns: 8932, Time: 00:05:13

Health: -10/64     AC: 27    Str: 24    XL:     10   Next: 88%
Magic:  13/13      EV: 13    Int:  9    God:    Okawaru [***...]
Gold:   37         SH: 12    Dex:  9    Spells: 9/9 levels left

rFire   . . .        Y - +3 war axe (drain)
rCold   . . .        r - +0 kite shield
rNeg    + . .        u - +0 plate armour
rPois   inf          q - +0 helmet
rElec   +            (no cloak)
rCorr   .            l - +0 pair of gloves of Riba {Will+}
SInv    .            h - +1 pair of boots
Will    +....        (no amulet) Stlth
                     a - +5 ring of evasion
HPRegen 0.30/turn    (no ring)
MPRegen 0.13/turn

%: no passive effects
@: about to teleport, heroic
A: sickness immunity, AC +7, negative energy resistance 1, electricity
resistance, torment resistance 1, petrification resistance
a: Renounce Religion, Heroism


You were on level 1 of the Lair of Beasts.
You worshipped Okawaru.
Okawaru was most pleased with you.
You visited 3 branches of the dungeon, and saw 11 of its levels.
You also visited: Ossuary.

You collected 490 gold pieces.
You spent 453 gold pieces at shops.


Innate Abilities, Weirdness & Mutations

You are immune to sickness and miasma.
Your stone body is resilient. (AC +7)
You are immune to poison.
You resist negative energy. (rN+)
You are resistant to electric shocks. (rElec)
You are resistant to unholy torment.
You are immune to petrification.


   Skills:
 - Level 7.8(12.8) Fighting
 - Level 10.0(15.0) Axes
 + Level 5.3(10.3) Armour
 - Level 3.0(8.0) Dodging
 - Level 9.0(14.0) Shields
 - Level 4.0 Invocations


You had 9 spell levels left.
You didn't know any spells.
Your spell library was empty.

Inventory:

Hand Weapons
 p - a +0 morningstar
 Y - a +3 war axe of draining (weapon)
Armour
 h - a +1 pair of boots (worn)
 l - the +0 pair of gloves of Riba (worn) {Will+}
   (You found it on level 2 of the Dungeon)

   Will:      It increases your willpower.
 n - the +3 leather armour of Going Fast {*Slow rF+ Regen+ Dex+8}
   (You found it on level 2 of the Dungeon)

   Dex:       It affects your dexterity (+8).
   rF:        It protects you from fire.
   Regen:     It increases your rate of health regeneration.
   *Slow:     It may slow you when you take damage.
 q - a +0 helmet (worn)
 r - a +0 kite shield (worn)
 u - a +0 plate armour (worn)
Jewellery
 a - a +5 ring of evasion (left hand)
Wands
 c - a wand of digging (7)
Scrolls
 b - a scroll of identify
 t - a scroll of teleportation
Potions
 d - 6 potions of might
 f - 2 potions of lignification
 g - 5 potions of curing
 i - 4 potions of attraction
 j - 2 potions of haste
 k - 2 potions of heal wounds
 o - a potion of mutation {unknown}
 s - a potion of cancellation {unknown}

Dungeon Overview and Level Annotations

Branches:
Dungeon (9/15)             Temple (1/1) D:4            Lair (1/5) D:8
Ossuary (visited)
    Orc: D:9-12

Altars:
Ashenzari
Cheibriados
Dithmenos
Elyvilon
Fedhas
Gozag
Hepliaklqana
Kikubaaqudgha
Makhleb
Nemelex Xobeh
Okawaru
Qazlal
Ru
Sif Muna
Trog
Uskayaw
Vehumet
Xom
Yredelemnul
Zin
The Shining One

Shops:
D:1 !   D:6 [?   D:8 ![

Annotations:
D:5 3 runed translucent doors, qw's ghost, novice GrFi
D:6 1 runed translucent door, Crazy Yiuf
Lair:1 Urug


Message History

Urug is moderately wounded.
Urug hits you with a +2 eveningstar of distortion.
You blink.
Urug throws a javelin.
The javelin misses you. Urug misses you.
You closely miss Urug.
Urug is moderately wounded.
You block Urug's attack.
You barely miss Urug.
Urug is moderately wounded.
Urug hits you but does no damage. Space warps around you.
You slice Urug!!
Urug is heavily wounded.
You slice Urug!!
Urug is almost dead.
Urug hits you but does no damage.
You blink.
Urug screams, "Revenge!"
Urug throws a javelin.
The javelin closely misses you.
Urug hits you with a +2 eveningstar of distortion!
Space warps around you!
You miss Urug.
Urug is almost dead.
You block Urug's attack.
You slash Urug!
Urug is almost dead.
Urug hits you with a +2 eveningstar of distortion.
Space warps horribly around you!
You barely miss Urug.
Urug is almost dead.
You block Urug's attack.
You barely miss Urug.
Urug is almost dead.
Urug hits you with a +2 eveningstar of distortion!
Space warps horribly around you.
8932 ||| READING 2 scrolls of teleportation.
As you read the scroll of teleportation, it crumbles to dust.
You feel strangely unstable.
Urug hits you with a +2 eveningstar of distortion.
Space warps horribly around you!!
You die...

.# .## ..P# ..# ###
####..#
.#####P###.#...#
...............#
##....@......###
#P...o...........
##...............
..#####................
.......<...............
##############...#.##P#
####### #


You could see Urug (drained).

Vanquished Creatures
  A tengu warrior (D:8)
  Pikel (D:6)
  Maggie (D:8)
  Sigmund (D:6)
  A shadow (D:5)
  2 wyverns
  A wraith (D:8)
  Grum (D:8)
  Eustachio (D:6)
  Edmund (D:6)
  2 water moccasins
  Duvessa (D:7)
  An orc warrior (D:8)
  A black bear (D:8)
  4 ice beasts
  2 wolves (D:8)
  2 centaurs
  3 lemures (D:6)
  A phantom (D:5)
  Blork the orc (D:6)
  2 kobold brigands (D:8)
  A scorpion (D:5)
  18 wights
  Dowan (D:7)
  3 jellies
  4 killer bees (D:9)
  4 hounds
  3 gnoll boudas
  3 orc priests
  2 iguanas
  5 orc wizards
  A mummy (Ossuary)
  13 gnolls
  10 adders
  2 shadow imps
  A white imp (D:6)
  3 ufetubi
  2 worms (D:2)
  4 dart slugs
  25 orcs
  5 spectral bats (Ossuary)
  4 endoplasms
  4 giant cockroaches
  11 gnoll zombies (Ossuary)
  8 goblins
  5 hobgoblins
  4 jackals (D:4)
  10 ball pythons
  3 bats
  5 bat simulacra (Ossuary)
  A frilled lizard (D:3)
  4 goblin simulacra (Ossuary)
  6 goblin zombies (Ossuary)
  4 hobgoblin zombies (Ossuary)
  16 kobolds
  7 kobold simulacra (Ossuary)
  4 kobold zombies (Ossuary)
  4 orc zombies (Ossuary)
  4 rats
  2 rat simulacra (Ossuary)
  A spectral goblin (Ossuary)
  4 spectral kobolds (Ossuary)
  2 spectral rats (Ossuary)
254 creatures vanquished.

Notes
Turn   | Place    | Note
-------+----------+-------------------------------------------
     0 | D:1      | qw the Gargoyle Fighter began the quest for the Orb.
     0 | D:1      | Reached XP level 1. HP: 14/14 MP: 1/1
     0 | D:1      | 0 ||| qw: Version: 0.2-a-107-g4668610
     0 | D:1      | 0 ||| qw: Game counter: 1215
     0 | D:1      | 0 ||| qw: Always use a shield: true
     0 | D:1      | 0 ||| qw: God list: Okawaru
     0 | D:1      | 0 ||| qw: Allow faded altars: false
     0 | D:1      | 0 ||| qw: Do Orc after D:15 true
     0 | D:1      | 0 ||| qw: Do second Lair branch before Depths: true
     0 | D:1      | 0 ||| qw: Lair rune preference: random
     0 | D:1      | 0 ||| qw: Plans: Normal, Zot:1-4, Slime:5, God:TSO, Crypt,
                  | Tomb, Abyss, Pan, Hells, Win
     0 | D:1      | 0 ||| PLANNING D:1-11
    63 | D:1      | 63 ||| Stepping ~*~*~tactically~*~*~ (hiding).
   270 | D:1      | Reached skill level 2 in Axes
   561 | D:1      | Reached XP level 2. HP: 10/19 MP: 2/2
   650 | D:1      | 650 ||| READING scroll labelled GEVVOPY QEVA.
   651 | D:1      | 651 ||| READING scroll labelled VOQ FAENU YHIS.
   652 | D:1      | 652 ||| READING scroll labelled KISHRU TONUUMI.
   758 | D:2      | 758 ||| STAIRDANCE
   762 | D:2      | 762 ||| STAIRDANCE
   766 | D:2      | 766 ||| STAIRDANCE
   770 | D:2      | 770 ||| STAIRDANCE
   774 | D:2      | 774 ||| STAIRDANCE
   778 | D:2      | 778 ||| STAIRDANCE
   782 | D:2      | 782 ||| STAIRDANCE
   786 | D:2      | 786 ||| STAIRDANCE
   790 | D:2      | 790 ||| STAIRDANCE
   794 | D:2      | 794 ||| STAIRDANCE
   798 | D:2      | 798 ||| STAIRDANCE
   802 | D:2      | 802 ||| STAIRDANCE
   806 | D:2      | 806 ||| STAIRDANCE
   810 | D:2      | 810 ||| STAIRDANCE
   814 | D:2      | 814 ||| STAIRDANCE
   818 | D:2      | 818 ||| STAIRDANCE
   822 | D:2      | 822 ||| STAIRDANCE
   826 | D:2      | 826 ||| STAIRDANCE
   830 | D:2      | 830 ||| STAIRDANCE
   834 | D:2      | 834 ||| STAIRDANCE
   849 | D:1      | 849 ||| DROPPING +0 club.
   872 | D:1      | 872 ||| Stepping ~*~*~tactically~*~*~ (hiding).
   915 | D:1      | 915 ||| Stepping ~*~*~tactically~*~*~ (stealth).
   975 | D:1      | Reached skill level 3 in Axes
   983 | D:1      | Found Moblueh's Distillery.
   986 | D:1      | 986 ||| BUYING potion of attraction (42 gold).
   986 | D:1      | Bought a potion of attraction for 42 gold pieces
   986 | D:1      | 986 ||| SHOPLISTING potion of curing (42 gold, have 33).
   986 | D:1      | 986 ||| SHOPLISTING potion of lignification (42 gold, have
                  | 33).
   986 | D:1      | 986 ||| SHOPLISTING potion of mutation (112 gold, have 33).
  1182 | D:1      | Reached XP level 3. HP: 23/23 MP: 3/3
  1192 | D:1      | 1192 ||| UPGRADING to +0 pair of boots.
  1260 | D:2      | 1260 ||| Stepping ~*~*~tactically~*~*~ (stealth).
  1322 | D:2      | 1322 ||| Stepping ~*~*~tactically~*~*~ (hiding).
  1515 | D:2      | 1515 ||| Stepping ~*~*~tactically~*~*~ (stealth).
  1550 | D:2      | Identified the +0 pair of gloves of Riba {Will+}
  1570 | D:2      | HP: 3/23 [hobgoblin/+0 battleaxe (9)]
  1845 | D:2      | 1845 ||| Stepping ~*~*~tactically~*~*~ (stealth).
  1851 | D:2      | 1851 ||| Stepping ~*~*~tactically~*~*~ (stealth).
  1852 | D:2      | 1852 ||| Stepping ~*~*~tactically~*~*~ (stealth).
  1973 | D:2      | Identified the +3 leather armour of Going Fast {*Slow rF+
                  | Regen+ Dex+8}
  2042 | D:2      | Reached XP level 4. HP: 28/28 MP: 4/4
  2045 | D:2      | 2045 ||| UPGRADING to +0 pair of gloves of Riba {Will+}.
  2050 | D:2      | 2050 ||| UPGRADING to +0 chain mail.
  2060 | D:2      | 2060 ||| DROPPING +0 scale mail.
  2061 | D:2      | 2061 ||| UPGRADING to +3 leather armour of Going Fast
                  | {*Slow rF+ Regen+ Dex+8}.
  2071 | D:2      | 2071 ||| DRINKING 2 smoky green potions.
  2100 | D:3      | 2100 ||| Stepping ~*~*~tactically~*~*~ (stealth).
  2114 | D:3      | 2114 ||| Stepping ~*~*~tactically~*~*~ (stealth).
  2116 | D:3      | 2116 ||| Stepping ~*~*~tactically~*~*~ (stealth).
  2118 | D:3      | 2118 ||| Stepping ~*~*~tactically~*~*~ (stealth).
  2120 | D:3      | 2120 ||| Stepping ~*~*~tactically~*~*~ (stealth).
  2273 | D:3      | 2273 ||| Stepping ~*~*~tactically~*~*~ (stealth).
  2275 | D:3      | 2275 ||| Stepping ~*~*~tactically~*~*~ (stealth).
  2277 | D:3      | 2277 ||| Stepping ~*~*~tactically~*~*~ (stealth).
  2279 | D:3      | 2279 ||| Stepping ~*~*~tactically~*~*~ (stealth).
  2281 | D:3      | 2281 ||| Stepping ~*~*~tactically~*~*~ (stealth).
  2283 | D:3      | 2283 ||| Stepping ~*~*~tactically~*~*~ (hiding).
  2395 | D:3      | 2395 ||| Stepping ~*~*~tactically~*~*~ (stealth).
  2397 | D:3      | 2397 ||| Stepping ~*~*~tactically~*~*~ (stealth).
  2424 | D:3      | 2424 ||| Stepping ~*~*~tactically~*~*~ (stealth).
  2465 | D:3      | Found a faded altar of an unknown god.
  2466 | D:3      | Found a hazy altar of Hepliaklqana.
  2472 | D:3      | 2472 ||| DROPPING +0 whip.
  2488 | D:3      | 2488 ||| Stepping ~*~*~tactically~*~*~ (stealth).
  2490 | D:3      | 2490 ||| Stepping ~*~*~tactically~*~*~ (stealth).
  2521 | D:3      | 2521 ||| Stepping ~*~*~tactically~*~*~ (stealth).
  2612 | D:3      | 2612 ||| UPGRADING to +0 kite shield.
  2622 | D:3      | 2622 ||| DROPPING +0 buckler.
  2629 | D:3      | 2629 ||| READING scroll labelled ZEKHUZXOAP.
  2741 | D:3      | Found a blossoming altar of Fedhas.
  2931 | D:3      | Found a glowing golden altar of the Shining One.
  3072 | D:3      | 3072 ||| READING scroll labelled URIH LOTIU.
  3073 | D:3      | 3073 ||| READING scroll labelled HYKLYN VEDUARCH.
  3115 | D:4      | 3115 ||| Stepping ~*~*~tactically~*~*~ (stealth).
  3124 | D:4      | Reached skill level 1 in Dodging
  3125 | D:4      | 3125 ||| Stepping ~*~*~tactically~*~*~ (stealth).
  3127 | D:4      | 3127 ||| Stepping ~*~*~tactically~*~*~ (stealth).
  3129 | D:4      | 3129 ||| Stepping ~*~*~tactically~*~*~ (stealth).
  3131 | D:4      | 3131 ||| Stepping ~*~*~tactically~*~*~ (stealth).
  3133 | D:4      | 3133 ||| Stepping ~*~*~tactically~*~*~ (stealth).
  3135 | D:4      | 3135 ||| Stepping ~*~*~tactically~*~*~ (stealth).
  3137 | D:4      | 3137 ||| Stepping ~*~*~tactically~*~*~ (hiding).
  3179 | D:4      | Reached XP level 5. HP: 29/32 MP: 5/5
  3272 | D:4      | 3272 ||| Stepping ~*~*~tactically~*~*~ (stealth).
  3274 | D:4      | 3274 ||| Stepping ~*~*~tactically~*~*~ (stealth).
  3278 | D:4      | 3278 ||| Stepping ~*~*~tactically~*~*~ (stealth).
  3280 | D:4      | 3280 ||| Stepping ~*~*~tactically~*~*~ (stealth).
  3281 | D:4      | 3281 ||| Stepping ~*~*~tactically~*~*~ (stealth).
  3304 | D:4      | 3304 ||| Stepping ~*~*~tactically~*~*~ (stealth).
  3315 | D:4      | Reached skill level 4 in Axes
  3403 | D:4      | Found a staircase to the Ecumenical Temple.
  3404 | D:4      | 3404 ||| PLANNING TEMPLE
  3404 | D:4      | 3404 ||| DRINKING 2 fizzy black potions.
  3405 | D:4      | 3405 ||| DRINKING 2 puce potions.
  3406 | D:4      | 3406 ||| DROPPING potion of degeneration.
  3407 | D:4      | 3407 ||| DROPPING potion of brilliance.
  3413 | Temple   | Entered the Ecumenical Temple
  3446 | Temple   | 3446 ||| PLANNING OKAWARU WORSHIP
  3514 | Temple   | Became a worshipper of Warmaster Okawaru
  3514 | Temple   | 3514 ||| PLANNING D:1-11
  3557 | D:4      | HP: 7/32 [gnoll bouda/+0 club (4)]
  3558 | D:4      | 3558 ||| READING scroll of teleportation.
  3671 | D:4      | 3671 ||| Stepping ~*~*~tactically~*~*~ (stealth).
  3677 | D:4      | 3677 ||| Stepping ~*~*~tactically~*~*~ (stealth).
  3679 | D:4      | 3679 ||| Stepping ~*~*~tactically~*~*~ (hiding).
  3680 | D:4      | 3680 ||| Stepping ~*~*~tactically~*~*~ (hiding).
  3827 | D:4      | Found a stormy altar of Qazlal.
  3848 | D:4      | Reached XP level 6. HP: 21/37 MP: 6/6
  3848 | D:4      | 3848 ||| FLEEEEING.
  3849 | D:4      | 3849 ||| FLEEEEING.
  3850 | D:4      | 3850 ||| FLEEEEING.
  3851 | D:4      | 3851 ||| FLEEEEING.
  3852 | D:4      | 3852 ||| FLEEEEING.
  3853 | D:4      | 3853 ||| FLEEEEING.
  3854 | D:4      | 3854 ||| FLEEEEING.
  3855 | D:4      | 3855 ||| FLEEEEING.
  3877 | D:4      | HP: 8/37 [something (5)]
  3945 | D:4      | Found a snail-covered altar of Cheibriados.
  4018 | D:5      | Entered Level 5 of the Dungeon
  4034 | D:5      | Noticed an ice beast
  4035 | D:5      | 4035 ||| Stepping ~*~*~tactically~*~*~ (stealth).
  4037 | D:5      | 4037 ||| Stepping ~*~*~tactically~*~*~ (stealth).
  4039 | D:5      | 4039 ||| Stepping ~*~*~tactically~*~*~ (stealth).
  4041 | D:5      | 4041 ||| Stepping ~*~*~tactically~*~*~ (stealth).
  4043 | D:5      | 4043 ||| Stepping ~*~*~tactically~*~*~ (stealth).
  4057 | D:5      | Killed an ice beast
  4072 | D:5      | 4072 ||| Stepping ~*~*~tactically~*~*~ (stealth).
  4079 | D:5      | Reached * piety under Okawaru
  4080 | D:5      | Reached skill level 5 in Axes
  4238 | D:5      | Noticed qw's ghost (novice GrFi)
  4281 | D:5      | Reached XP level 7. HP: 41/41 MP: 7/7
  4379 | D:5      | Reached skill level 1 in Invocations
  4440 | D:5      | 4440 ||| Stepping ~*~*~tactically~*~*~ (stealth).
  4442 | D:5      | 4442 ||| Stepping ~*~*~tactically~*~*~ (stealth).
  4444 | D:5      | 4444 ||| Stepping ~*~*~tactically~*~*~ (stealth).
  4458 | D:5      | 4458 ||| Stepping ~*~*~tactically~*~*~ (stealth).
  4465 | D:5      | 4465 ||| Stepping ~*~*~tactically~*~*~ (stealth).
  4466 | D:5      | 4466 ||| Stepping ~*~*~tactically~*~*~ (stealth).
  4483 | D:5      | 4483 ||| INVOKING Heroism.
  4633 | D:5      | 4633 ||| INVOKING Heroism.
  4634 | D:5      | 4634 ||| INVOKING Heroism.
  4720 | D:5      | Found a runed translucent gate.
  4720 | D:5      | Found a runed translucent gate.
  4720 | D:5      | Found a runed translucent gate.
  4750 | D:5      | 4750 ||| Stepping ~*~*~tactically~*~*~ (hiding).
  4935 | D:5      | Noticed a shadow
  4962 | D:5      | Killed a shadow
  4963 | D:5      | Reached skill level 6 in Axes
  4963 | D:5      | Reached XP level 8. HP: 41/48 MP: 9/9
  4970 | D:5      | Noticed a wyvern
  4975 | D:5      | 4975 ||| INVOKING Heroism.
  4981 | D:5      | Killed a wyvern
  4982 | D:5      | Reached skill level 3 in Invocations
  5101 | D:5      | 5101 ||| READING 3 scrolls labelled BUICRU BOTU.
  5102 | D:5      | 5102 ||| READING 2 scrolls of enchant weapon.
  5102 | D:5      | 5102 ||| ENCHANTING +1 war axe.
  5103 | D:5      | 5103 ||| READING scroll of enchant weapon.
  5103 | D:5      | 5103 ||| ENCHANTING +2 war axe.
  5104 | D:5      | 5104 ||| READING scroll labelled RILARE COEREYSCH.
  5105 | D:5      | 5105 ||| READING 3 scrolls of identify.
  5105 | D:5      | 5105 ||| IDENTIFYING viscous brown potion
  5106 | D:5      | 5106 ||| READING 2 scrolls of identify.
  5106 | D:5      | 5106 ||| IDENTIFYING clear potion
  5107 | D:5      | 5107 ||| DROPPING potion of berserk rage.
  5108 | D:5      | 5108 ||| DROPPING potion of flight.
  5123 | D:6      | Found Dasun's Armour Shop.
  5125 | D:6      | 5125 ||| SHOPLISTING +4 chain mail of willpower (346 gold,
                  | have 238).
  5125 | D:6      | 5125 ||| SHOPLISTING +5 ring mail of Failure {Contam rN+++
                  | Int-4 Dex+8} (657 gold, have 238).
  5159 | D:6      | 5159 ||| Stepping ~*~*~tactically~*~*~ (stealth).
  5160 | D:6      | 5160 ||| Stepping ~*~*~tactically~*~*~ (hiding).
  5165 | D:6      | Reached skill level 6 in Shields
  5167 | D:6      | 5167 ||| INVOKING Heroism.
  5193 | D:6      | Reached skill level 7 in Axes
  5202 | D:6      | Noticed Pikel
  5203 | D:6      | 5203 ||| Stepping ~*~*~tactically~*~*~ (stealth).
  5205 | D:6      | 5205 ||| Stepping ~*~*~tactically~*~*~ (stealth).
  5207 | D:6      | 5207 ||| INVOKING Heroism.
  5228 | D:6      | 5228 ||| INVOKING Heroism.
  5236 | D:6      | Killed Pikel
  5236 | D:6      | Reached ** piety under Okawaru
  5237 | D:6      | Reached skill level 6 in Fighting
  5237 | D:6      | Reached XP level 9. HP: 25/56 MP: 10/12
  5322 | D:6      | 5322 ||| Stepping ~*~*~tactically~*~*~ (hiding).
  5324 | D:6      | 5324 ||| INVOKING Heroism.
  5353 | D:6      | 5353 ||| Stepping ~*~*~tactically~*~*~ (stealth).
  5355 | D:6      | 5355 ||| Stepping ~*~*~tactically~*~*~ (stealth).
  5357 | D:6      | 5357 ||| Stepping ~*~*~tactically~*~*~ (stealth).
  5399 | D:6      | 5399 ||| Stepping ~*~*~tactically~*~*~ (stealth).
  5421 | D:6      | 5421 ||| Stepping ~*~*~tactically~*~*~ (stealth).
  5447 | D:6      | 5447 ||| Stepping ~*~*~tactically~*~*~ (stealth).
  5449 | D:6      | 5449 ||| Stepping ~*~*~tactically~*~*~ (stealth).
  5531 | D:6      | Noticed Blork the orc
  5532 | D:6      | 5532 ||| INVOKING Heroism.
  5545 | D:6      | Killed Blork the orc
  5554 | D:6      | 5554 ||| DROPPING +0 flail.
  5568 | D:6      | Noticed Edmund
  5569 | D:6      | 5569 ||| INVOKING Heroism.
  5582 | D:6      | Killed Edmund
  5601 | D:6      | 5601 ||| Stepping ~*~*~tactically~*~*~ (stealth).
  5603 | D:6      | 5603 ||| Stepping ~*~*~tactically~*~*~ (stealth).
  5606 | D:6      | Noticed Sigmund
  5607 | D:6      | 5607 ||| INVOKING Heroism.
  5618 | D:6      | Killed Sigmund
  5681 | D:6      | Noticed Eustachio
  5682 | D:6      | 5682 ||| INVOKING Heroism.
  5714 | D:6      | 5714 ||| INVOKING Heroism.
  5718 | D:6      | Killed Eustachio
  5719 | D:6      | Reached skill level 8 in Axes
  5912 | D:6      | Found a runed translucent door.
  5913 | D:6      | Noticed Crazy Yiuf
  5982 | D:6      | Found Onohis's Magic Scroll Emporium.
  6015 | D:6      | 6015 ||| BUYING scroll of identify (30 gold).
  6015 | D:6      | Bought a scroll of identify for 30 gold pieces
  6015 | D:6      | 6015 ||| BUYING scroll of identify (30 gold).
  6015 | D:6      | Bought a scroll of identify for 30 gold pieces
  6015 | D:6      | 6015 ||| BUYING scroll of teleportation (45 gold).
  6015 | D:6      | Bought a scroll of teleportation for 45 gold pieces
  6054 | D:6      | 6054 ||| READING scroll labelled LAUBBOA VADD.
  6055 | D:6      | 6055 ||| READING scroll labelled REJAHUV TIMA.
  6056 | D:6      | 6056 ||| READING 4 scrolls of identify.
  6056 | D:6      | 6056 ||| IDENTIFYING inky potion
  6057 | D:6      | 6057 ||| READING 3 scrolls of identify.
  6057 | D:6      | 6057 ||| IDENTIFYING smoky blue potion
  6058 | D:6      | 6058 ||| READING 2 scrolls of identify.
  6058 | D:6      | 6058 ||| IDENTIFYING sedimented white potion
  6059 | D:6      | 6059 ||| DROPPING potion of ambrosia.
  6091 | D:7      | 6091 ||| PLANNING OSSUARY
  6151 | D:7      | 6151 ||| Stepping ~*~*~tactically~*~*~ (stealth).
  6181 | D:7      | 6181 ||| READING scroll of enchant armour.
  6181 | D:7      | 6181 ||| ENCHANTING +0 pair of boots.
  6201 | D:7      | 6201 ||| INVOKING Heroism.
  6240 | D:7      | Found an opulent altar of Gozag.
  6251 | D:7      | 6251 ||| UPGRADING to +0 helmet.
  6306 | D:7      | 6306 ||| Stepping ~*~*~tactically~*~*~ (stealth).
  6308 | D:7      | 6308 ||| Stepping ~*~*~tactically~*~*~ (stealth).
  6310 | D:7      | 6310 ||| Stepping ~*~*~tactically~*~*~ (stealth).
  6404 | D:7      | 6404 ||| Stepping ~*~*~tactically~*~*~ (stealth).
  6406 | D:7      | 6406 ||| Stepping ~*~*~tactically~*~*~ (stealth).
  6408 | D:7      | 6408 ||| Stepping ~*~*~tactically~*~*~ (stealth).
  6410 | D:7      | 6410 ||| Stepping ~*~*~tactically~*~*~ (stealth).
  6412 | D:7      | 6412 ||| Stepping ~*~*~tactically~*~*~ (stealth).
  6428 | D:7      | 6428 ||| Stepping ~*~*~tactically~*~*~ (stealth).
  6430 | D:7      | 6430 ||| Stepping ~*~*~tactically~*~*~ (stealth).
  6603 | D:7      | Found a sand-covered staircase.
  6604 | D:7      | 6604 ||| UPGRADING to +5 ring of evasion.
  6605 | D:7      | 6605 ||| READING scroll labelled SUN SESOKKUSANN.
  6616 | D:7      | 6616 ||| READING scroll labelled CEGIUF ANAHAV.
  6617 | D:7      | 6617 ||| READING scroll labelled YNNETO YSTO.
  6621 | Ossuary  | Entered an ossuary
  6644 | Ossuary  | 6644 ||| Stepping ~*~*~tactically~*~*~ (stealth).
  6647 | Ossuary  | 6647 ||| Stepping ~*~*~tactically~*~*~ (stealth).
  6654 | Ossuary  | 6654 ||| Stepping ~*~*~tactically~*~*~ (stealth).
  6656 | Ossuary  | 6656 ||| Stepping ~*~*~tactically~*~*~ (stealth).
  6673 | Ossuary  | 6673 ||| Stepping ~*~*~tactically~*~*~ (stealth).
  6675 | Ossuary  | 6675 ||| Stepping ~*~*~tactically~*~*~ (stealth).
  6678 | Ossuary  | 6678 ||| Stepping ~*~*~tactically~*~*~ (stealth).
  6732 | Ossuary  | 6732 ||| Stepping ~*~*~tactically~*~*~ (stealth).
  6735 | Ossuary  | 6735 ||| Stepping ~*~*~tactically~*~*~ (stealth).
  6737 | Ossuary  | 6737 ||| Stepping ~*~*~tactically~*~*~ (stealth).
  6739 | Ossuary  | 6739 ||| Stepping ~*~*~tactically~*~*~ (stealth).
  6808 | Ossuary  | Reached XP level 10. HP: 61/61 MP: 13/13
  6847 | Ossuary  | Reached skill level 9 in Axes
  6880 | Ossuary  | 6880 ||| Stepping ~*~*~tactically~*~*~ (stealth).
  6892 | Ossuary  | 6892 ||| Stepping ~*~*~tactically~*~*~ (stealth).
  6894 | Ossuary  | 6894 ||| Stepping ~*~*~tactically~*~*~ (stealth).
  6926 | Ossuary  | 6926 ||| Stepping ~*~*~tactically~*~*~ (stealth).
  6950 | Ossuary  | 6950 ||| READING 2 scrolls labelled QOKLOR WEWN.
  6951 | Ossuary  | 6951 ||| DRINKING 2 cyan potions.
  6952 | Ossuary  | 6952 ||| DROPPING scroll of fog.
  6976 | Ossuary  | 6976 ||| Stepping ~*~*~tactically~*~*~ (stealth).
  6978 | Ossuary  | 6978 ||| Stepping ~*~*~tactically~*~*~ (stealth).
  6992 | D:7      | 6992 ||| PLANNING D:1-11
  7061 | D:7      | Noticed Dowan
  7062 | D:7      | Noticed Duvessa
  7063 | D:7      | 7063 ||| INVOKING Heroism.
  7067 | D:7      | Killed Dowan
  7073 | D:7      | Killed Duvessa
  7074 | D:7      | Reached skill level 3 in Dodging
  7394 | D:8      | Found Ziumnaxe's Armour Emporium.
  7397 | D:8      | 7397 ||| BUYING +1 chain mail of willpower (264 gold).
  7397 | D:8      | Bought a +1 chain mail of willpower for 264 gold pieces
  7397 | D:8      | 7397 ||| SHOPLISTING +2 pair of gloves of dexterity (344
                  | gold, have 32).
  7397 | D:8      | 7397 ||| SHOPLISTING +2 scale mail of Riffaval {Regen+}
                  | (336 gold, have 32).
  7573 | D:8      | Found Fasom's Distillery.
  7610 | D:8      | 7610 ||| Stepping ~*~*~tactically~*~*~ (stealth).
  7612 | D:8      | 7612 ||| Stepping ~*~*~tactically~*~*~ (stealth).
  7672 | D:8      | 7672 ||| Stepping ~*~*~tactically~*~*~ (hiding).
  7810 | D:8      | Found a staircase to the Lair.
  7824 | D:8      | 7824 ||| Stepping ~*~*~tactically~*~*~ (hiding).
  7945 | D:8      | Noticed Grum
  7946 | D:8      | 7946 ||| Stepping ~*~*~tactically~*~*~ (stealth).
  7951 | D:8      | Reached skill level 9 in Shields
  7952 | D:8      | 7952 ||| Stepping ~*~*~tactically~*~*~ (hiding).
  7954 | D:8      | 7954 ||| INVOKING Heroism.
  7962 | D:8      | Killed Grum
  8308 | D:8      | 8308 ||| INVOKING Heroism.
  8315 | D:8      | Noticed a tengu warrior
  8333 | D:8      | Killed a tengu warrior
  8334 | D:8      | Reached skill level 10 in Axes
  8409 | D:8      | Found the +18 Lear's hauberk
  8433 | D:8      | 8433 ||| Stepping ~*~*~tactically~*~*~ (hiding).
  8435 | D:8      | 8435 ||| INVOKING Heroism.
  8488 | D:8      | Noticed Maggie
  8503 | D:8      | Killed Maggie
  8596 | D:8      | 8596 ||| UPGRADING to +1 chain mail of willpower.
  8606 | D:8      | 8606 ||| DROPPING +0 chain mail.
  8607 | D:8      | 8607 ||| UPGRADING to +0 plate armour.
  8617 | D:8      | 8617 ||| DROPPING +1 chain mail of willpower.
  8661 | D:9      | Reached *** piety under Okawaru
  8668 | D:9      | 8668 ||| INVOKING Heroism.
  8699 | D:9      | 8699 ||| INVOKING Heroism.
  8850 | D:8      | 8850 ||| SHOPLISTING 2 potions of attraction (84 gold, have
                  | 79).
  8850 | D:8      | 8850 ||| SHOPLISTING 2 potions of curing (84 gold, have
                  | 79).
  8850 | D:8      | 8850 ||| BUYING potion of attraction (42 gold).
  8850 | D:8      | Bought a potion of attraction for 42 gold pieces
  8850 | D:8      | 8850 ||| SHOPLISTING potion of attraction (42 gold, have
                  | 37).
  8850 | D:8      | 8850 ||| SHOPLISTING potion of experience (700 gold, have
                  | 37).
  8850 | D:8      | 8850 ||| SHOPLISTING potion of heal wounds (70 gold, have
                  | 37).
  8850 | D:8      | 8850 ||| PLANNING LAIR
  8912 | Lair:1   | Entered Level 1 of the Lair of Beasts
  8912 | Lair:1   | Noticed Urug
  8913 | Lair:1   | 8913 ||| INVOKING Heroism.
  8931 | Lair:1   | HP: 15/64 [Urug/+2 eveningstar of distortion (6)]
  8932 | Lair:1   | 8932 ||| READING 2 scrolls of teleportation.
  8932 | Lair:1   | Mangled by Urug

Levels and vault maps discovered:
D:1:      dpeg_arrival_chambers_temple_mockup, layout_basic, serial_shops,
          nicolae_shop_behind_doors, minmay_misc_feat_cross,
          chequers_mini_garden, minmay_misc_feat_encased
D:2:      layout_loops_cross
D:3:      layout_loops_ring, mainiacjoe_overflow_paths,
          beargit_hepliaklqana_dungeon_heroes, tso_oasis_becter,
          mainiacjoe_overflow_concentric_impassable, roderic_roman_lattice
D:4:      layout_gridville, nicolae_qazlal_scattered_showers,
          lemuel_doored_altar, minmay_temple_entry_hall, grunt_decor_cap,
          hangedman_abyss_or_decor_stabs
D:5:      layout_loops_corners, gammafunk_ghost_icy,
          amcnicky_mini_rare_corridor_liquid, abandoned_shop, minmay_small_thing
D:6:      layout_loops_ring, serial_shops, nicolae_shop_window_shopping, shop,
          uniq_edmund, uniq_sigmund, uniq_pikel, uniq_blork_the_orc,
          uniq_crazy_yiuf_cottage, uniq_eustachio
D:7:      layout_loops_ring, mainiacjoe_overflow_catwalk, enter_ossuary_5,
          uniq_duvessa
D:8:      layout_loops_corners, dpeg_oklobed_lair, serial_shops,
          nicolae_shop_real_fake_doors, nicolae_take_the_stairs,
          hellmonk_guarded_unrand_lears, uniq_grum, uniq_maggie
D:9:      hangedman_cross_stitches, layout_basic
Temple:   regret_index_temple_waves
Lair:1:   gammafunk_indiana_jones, layout_chaotic_city,
          portal_ice_cave_entry_pillars_1, gammafunk_lair_bear_cave, uniq_urug

Skill      XL: |  1  2  3  4  5  6  7  8  9 10 |
---------------+-------------------------------+-----
Axes           | 2 3 4 5 6 7 8 10 | 10.0
Dodging        | 1 2 3 |  3.0
Shields        | 5 6 8 9 |  9.0
Invocations    | 2 4 |  4.0
Fighting       | 4 6 7 |  7.8
Armour         | 5 |  5.3

Action                     |  1- 3 |  4- 6 |  7- 9 | 10-12 || total
---------------------------+-------+-------+-------+-------++-------
  Melee: War axe           |    81 |   178 |   377 |   188 ||   824
  Throw: Boomerang         |       |       |     2 |       ||     2
 Invoke: Heroism           |       |       |    13 |     7 ||    20
    Use: Scroll            |     3 |     4 |    15 |     2 ||    24
         Potion            |       |     3 |       |     1 ||     4
   Stab: Distracted        |       |       |     1 |       ||     1
 Armour: Scale mail        |    31 |       |       |       ||    31
         Leather armour    |       |   101 |   104 |    25 ||   230
         Plate armour      |       |       |       |    24 ||    24
  Dodge: Dodged            |    32 |    83 |   127 |    81 ||   323
  Block: Buckler           |    10 |     4 |       |       ||    14
         Kite shield       |       |    86 |   191 |    84 ||   361

Table legend:
 A = Non-vault XP
 B = Vault XP
 C = Vault XP percentage of total XP
 D = Non-vault monster count
 E = Vault monster count
 F = Vault count percentage of total count
                 A         B        C        D         E       F
            +---------+---------+-------+---------+---------+-------
      Total |    5040 |    3671 |  42.1 |     176 |      75 |  29.9
            +---------+---------+-------+---------+---------+-------
        D:1 |      35 |       0 |   0.0 |      19 |       0 |   0.0
        D:2 |      47 |       0 |   0.0 |      15 |       0 |   0.0
        D:3 |      21 |       3 |  12.5 |      11 |       1 |   8.3
        D:4 |     290 |       0 |   0.0 |      27 |       0 |   0.0
        D:5 |     597 |     424 |  41.5 |      15 |       2 |  11.8
        D:6 |    1041 |    1324 |  56.0 |      32 |       5 |  13.5
        D:7 |     877 |     205 |  18.9 |      14 |       2 |  12.5
        D:8 |    1429 |    1620 |  53.1 |      30 |       5 |  14.3
        D:9 |     703 |       0 |   0.0 |      13 |       0 |   0.0
    Ossuary |       0 |      95 | 100.0 |       0 |      60 | 100.0
            +---------+---------+-------+---------+---------+-------
